Map: Reclamation LE

Players

SiouxPlay

  • Race: Terran Terran
  • Spawn Location: 12:00

vivavox

  • Race: Terran Terran
  • Spawn Location: 11:00

Sindyr - Winner!

  • Race: Zerg Zerg
  • League: Master
  • Spawn Location: 5:00

Siliatra - Winner!

  • Race: Protoss Protoss
  • Spawn Location: 6:00

VOD

Have the link to the VOD?

Description

Time

  • Played on: Sept. 18, 2025, 3:40 p.m.
  • Length: 8:40
Show
View Real Time Build Order
Export as new Build Order

SiouxPlay Terran 

Build Orders: Liberator Opening 

Get SALT Encoding   

  12  0:01  SCV  
  13  0:13  SCV  
  14  0:17  Supply Depot  
  14  0:25  SCV  
  15  0:31  Refinery  
  15  0:39  SCV  
  16  0:45  Barracks  
  16  0:54  SCV  
  17  1:06  SCV  
  18  1:18  SCV  
  19  1:32  Orbital Command  
  19  1:36  Marine  
  20  1:45  Command Center  
  20  2:06  Factory  
  20  2:08  SCV  
  21  2:11  Supply Depot, Barracks Reactor  
  21  2:22  SCV  
  22  2:25  Bunker  
  22  2:31  Refinery  
  22  2:34  SCV  
  23  2:46  SCV  
  24  2:58  SCV  
  24  2:59  Hellion x2  
  24  3:03  Starport  
  29  3:06  Orbital Command  
  29  3:10  Barracks Tech Lab  
  29  3:13  SCV  
  30  3:23  Hellion x2  
  34  3:29  Marine  
  35  3:34  SCV  
  35  3:35  SCV  
  37  3:42  Supply Depot  
  37  3:44  Liberator  
  37  3:47  Marine  
  43  3:48  Hellion  
  43  3:54  SCV x2  
  45  3:58  Stimpack  
  45  4:04  Hellion, Supply Depot  
  47  4:10  Marine  
  47  4:16  Hellion  
  50  4:17  SCV  
  50  4:18  SCV  
  50  4:20  Refinery  
  52  4:28  Supply Depot  
  52  4:31  Barracks  
  52  4:32  Marine  
  52  4:35  Starport Reactor  
  53  4:50  Marine  
  54  4:54  Factory Tech Lab  
  54  4:56  Supply Depot  
  54  5:02  SCV x2  
  56  5:08  Marine  
  56  5:13  Medivac x2  
  61  5:18  Engineering Bay  
  61  5:20  Engineering Bay  
  61  5:21  Siege Tank  
  64  5:26  Marine  
  65  5:29  Marine x2  
  65  5:32  Supply Depot  
  67  5:47  Marine x2  
  69  6:03  SCV  
  69  6:04  SCV  
  68  6:05  Marine  
  68  6:06  Marine x2  
  68  6:07  Siege Tank, Medivac  
  68  6:08  Medivac  
  68  6:11  Terran Infantry Weapons Level 1, Terran Infantry Armor Level 1  
  78  6:13  Supply Depot  
  78  6:15  SCV  
  78  6:16  SCV  
  80  6:19  Command Center  
  80  6:23  Marine  
  80  6:24  Marine  
  80  6:25  Marauder  
  84  6:30  Supply Depot  
  84  6:31  SCV x2  
  86  6:40  Marine  
  86  6:42  Marine  
  86  6:45  Marine  
  79  6:56  Medivac x2  
  79  6:58  SCV x2, Marine  
  79  7:00  Marine  
  83  7:03  Marine  
  83  7:06  Siege Tank  
  87  7:10  Barracks  
  87  7:14  Barracks  
  87  7:15  Barracks  
  87  7:17  Missile Turret  
  87  7:18  Combat Shield, Missile Turret  
  87  7:20  Missile Turret  
  87  7:24  Marine x2  
  87  7:25  Marine  
  83  7:41  Missile Turret  
  83  7:42  Marine x3  
  55  8:00  Marine x4  
  55  8:01  Marauder  
  47  8:18  Marine x3  
Show
View Real Time Build Order
Export as new Build Order

vivavox Terran 

Build Orders:  

Get SALT Encoding   

  12  0:01  SCV  
  13  0:13  SCV  
  14  0:19  Supply Depot  
  14  0:25  SCV  
  15  0:41  SCV, Refinery  
  16  0:49  Barracks  
  16  0:53  Refinery  
  16  0:56  SCV  
  17  1:08  SCV  
  18  1:20  SCV  
  19  1:32  SCV  
  20  1:43  Supply Depot  
  20  1:45  Factory  
  20  1:47  Orbital Command  
  20  1:56  Barracks Reactor  
  20  2:06  Engineering Bay  
  20  2:16  SCV  
  21  2:28  SCV  
  22  2:30  Factory Tech Lab  
  22  2:36  Supply Depot  
  22  2:37  Terran Infantry Weapons Level 1  
  22  2:39  Marine x2  
  22  2:43  SCV  
  25  2:50  Siege Tank  
  28  2:56  SCV  
  29  3:01  Starport  
  29  3:12  Marine x2, Supply Depot  
  31  3:30  Marine x2  
  33  3:38  Starport Reactor  
  33  3:47  Missile Turret  
  33  3:48  Marine x2, Siege Tank  
  38  3:56  Supply Depot  
  38  4:06  Marine x2  
  40  4:16  Medivac  
  40  4:17  Supply Depot, Medivac  
  42  4:23  Marine x2  
  46  4:38  Terran Infantry Armor Level 1  
  46  4:41  Marine x2  
  48  4:50  Medivac x2  
  52  4:57  Supply Depot  
  52  4:59  Marine x2  
  54  5:17  Marine x2  
  56  5:35  Marine x2  
  58  5:46  Command Center  
  28  6:50  SCV  
  28  6:52  Marine x2  
  31  6:54  Siege Tank  
  31  6:57  Medivac x2  
  38  7:02  SCV  
  39  7:09  SCV  
  39  7:10  Marine x2  
  39  7:14  SCV, Refinery  
  43  7:16  Refinery  
  43  7:21  SCV  
  44  7:26  SCV, Siege Tank  
  44  7:27  Medivac x2, Marine  
  44  7:28  Marine  
  54  7:33  SCV  
  55  7:38  SCV  
  56  7:50  SCV  
  57  8:02  SCV  
  58  8:14  SCV  
Show
View Real Time Build Order
Export as new Build Order

Sindyr Zerg - Winner!

Build Orders: Hatch First 

Get SALT Encoding   

  12  0:02  Drone  
  13  0:14  Overlord  
  13  0:20  Drone  
  14  0:32  Drone x2  
  16  0:36  Drone  
  17  0:52  Hatchery  
  17  0:57  Drone  
  17  0:59  Extractor  
  17  1:00  Drone  
  17  1:18  Spawning Pool  
  16  1:19  Drone  
  16  1:22  Drone  
  18  1:30  Drone  
  19  1:41  Overlord  
  19  1:51  Drone  
  20  2:05  Queen  
  20  2:06  Queen  
  25  2:08  Zergling x2  
  25  2:09  Zergling x2  
  26  2:17  Drone  
  26  2:18  Drone  
  28  2:32  Metabolic Boost  
  28  2:41  Queen  
  30  2:48  Lair  
  30  2:50  Drone x2  
  30  2:51  Drone  
  33  2:54  Drone  
  34  2:59  Overlord  
  34  3:12  Evolution Chamber  
  33  3:14  Drone  
  33  3:15  Roach Warren  
  33  3:24  Drone x2  
  35  3:28  Queen  
  37  3:43  Zerg Missile Weapons Level 1  
  37  3:56  Glial Reconstitution  
  37  4:00  Drone x4  
  41  4:04  Extractor, Hatchery  
  41  4:06  Extractor  
  38  4:34  Drone x4  
  38  4:35  Drone x2  
  38  4:36  Overlord x2  
  44  4:52  Overlord x2  
  44  5:04  Drone x2  
  44  5:05  Drone  
  47  5:10  Queen  
  47  5:12  Drone x5  
  47  5:13  Drone x3  
  57  5:20  Queen  
  59  5:32  Evolution Chamber  
  58  5:37  Infestation Pit, Overseer  
  57  5:43  Zerg Missile Weapons Level 2  
  46  5:59  Roach  
  46  6:00  Roach x9  
  46  6:01  Roach  
  67  6:17  Zergling x10  
  67  6:18  Zergling x2  
  73  6:19  Zergling x2  
  74  6:36  Roach x3, Zergling x6  
  74  6:38  Zergling x2  
  68  6:50  Drone x2  
  68  6:51  Drone x4  
  67  7:23  Drone x9  
  66  7:41  Zergling x2, Roach  
  66  7:42  Zergling x14  
  76  7:52  Roach  
  76  7:53  Zergling x2, Roach  
  65  8:19  Baneling Nest  
  64  8:20  Extractor x2  
Show
View Real Time Build Order
Export as new Build Order

Siliatra Protoss - Winner!

Build Orders: 1 Gate Expand 

Get SALT Encoding   

  12  0:00  Probe  
  13  0:12  Probe  
  14  0:23  Pylon  
  14  0:24  Probe  
  15  0:41  Probe  
  16  0:43  Gateway  
  16  0:49  Assimilator  
  16  0:53  Probe  
  16  0:55  Assimilator  
  17  1:06  Probe  
  18  1:18  Probe  
  19  1:34  Nexus  
  19  1:36  Probe  
  20  1:49  Cybernetics Core  
  20  1:54  Probe  
  21  2:04  Zealot  
  23  2:13  Pylon  
  23  2:20  Assimilator  
  23  2:31  Probe  
  23  2:32  Stargate  
  24  2:41  Assimilator, Warp Gate  
  24  2:50  Probe  
  25  2:51  Probe  
  26  3:02  Probe  
  26  3:03  Probe  
  28  3:14  Probe  
  28  3:15  Probe  
  28  3:16  Stargate  
  30  3:26  Void Ray, Probe  
  31  3:27  Probe  
  36  3:38  Probe  
  36  3:39  Probe  
  38  3:51  Probe  
  38  3:52  Probe  
  40  3:59  Pylon  
  40  4:02  Void Ray, Pylon  
  40  4:05  Pylon  
  44  4:16  Void Ray  
  44  4:19  Probe  
  44  4:20  Probe  
  50  4:29  Protoss Air Weapons Level 1  
  50  4:32  Probe x2  
  52  4:43  Probe  
  52  4:44  Probe  
  52  4:50  Void Ray  
  52  4:51  Probe  
  52  4:52  Probe  
  60  5:01  Probe  
  61  5:13  Void Ray  
  65  5:19  Pylon  
  69  5:29  Void Ray  
  69  5:30  Nexus  
  69  5:33  Probe  
  70  5:37  Probe  
  71  5:45  Probe  
  72  5:51  Probe  
  77  6:02  Void Ray  
  74  6:09  Void Ray  
  68  6:12  Pylon  
  68  6:14  Pylon  
  70  6:50  Void Ray  
  70  7:02  Shield Battery  
  70  7:06  Fleet Beacon  
  70  7:14  Assimilator  
  70  7:17  Assimilator  
  70  7:20  Void Ray  
  70  7:23  Void Ray  
  74  7:48  Pylon  
  74  7:50  Pylon  
  74  7:51  Forge  
  74  7:52  Pylon  
  78  8:03  Void Ray  
Tags
 
Add a new tag
Caveats
  • Supply blocks, unpowered buildings, or Contaminate may cause inaccurate times.
  • Supply counts are checked every 10 seconds.